 Dungeon Crawl Stone Soup version 0.28.0 (webtiles) character file.

Game seed: 240499688215979235

297 GrayStillPlays the Skirmisher (level 6, -7/72 HPs)
             Began as a Demonspawn Fighter on Feb 13, 2022.
             Mangled by a gnoll (10 damage)
             ... on level 3 of the Dungeon.
             The game lasted 00:03:41 (2537 turns).

GrayStillPlays the Skirmisher (Demonspawn Fighter)  Turns: 2537, Time: 00:03:41

Health: -7/72      AC: 23    Str: 18    XL:     6   Next: 12%
Magic:  9/9        EV:  2    Int:  9    God:
Gold:   105        SH:  4    Dex: 13    Spells: 9/9 levels left

rFire   . . .      SeeInvis .   a - +0 war axe {axe}
rCold   . . .      Faith    .   c - +0 buckler
rNeg    . . .      Spirit   .   (armour currently unavailable)
rPois   +          Reflect  .   (helmet currently unavailable)
rElec   .          Harm     .   (cloak currently unavailable)
rCorr   .          Rampage  .   (gloves currently unavailable)
Will    .....      NoTele   +   (boots currently unavailable)
Stlth   +.........              (no amulet)
HPRegen 0.22/turn               o - ring of wizardry
MPRegen 0.11/turn               (no ring)

@: tree-form
A: stationary, stasis, torment immunity, boosted hp, (antennae 1), repulsion
field 1, demonic guardian 1
a: no special abilities


You were on level 3 of the Dungeon.
You were a tree.
You visited 1 branch of the dungeon, and saw 3 of its levels.

You collected 105 gold pieces.


Innate Abilities, Weirdness & Mutations

You are a tree.
Your roots penetrate the ground, keeping you stationary.
You cannot be teleported.
You are immune to unholy pain and torment.
Your maximum health is greatly increased.
Your equipment is partially melded.
((You have a pair of small antennae on your head.))
You are surrounded by a mild repulsion field. (EV +2)
A weak demonic guardian rushes to your aid.


   Skills:
 + Level 4.0 Fighting
 - Level 2.0 Axes
 - Level 3.6 Armour
 - Level 2.9 Shields
 + Level 2.1 Spellcasting
 + Level 2.1 Transmutations
 + Level 2.1 Air Magic


You had 9 spell levels left.
You didn't know any spells.
Your spell library contained the following spells:

 Spells                   Type           Power      Damage    Failure   Level
 Blink                    Tloc           0%         N/A       26%         2
 Tukima's Dance           Hex            0%         N/A       45%         3
 Anguish                  Hex/Necr       0%         N/A       83%         4
 Manifold Assault         Tloc           0%         N/A       99%         5
 Enfeeble                 Hex            0%         N/A       100%        7
 Storm Form               Tmut/Air       2%         N/A       100%        7

Inventory:

Hand Weapons
 a - a +0 war axe (weapon) {axe}
Missiles
 e - 70 arrows
 g - 25 stones (quivered) {throwing}
 m - 33 bolts
 n - 19 sling bullets
Armour
 b - a +0 scale mail (melded)
 c - a +0 buckler (worn)
 l - a +0 pair of gloves (melded)
   (You found it on level 2 of the Dungeon)
Jewellery
 o - a ring of wizardry (left branch)
   (You found it on level 3 of the Dungeon)
Scrolls
 f - a scroll of torment {unknown}
 h - a scroll of magic mapping {unknown}
 i - a scroll of brand weapon {unknown}
 j - a scroll of fear {unknown}
 k - a scroll of blinking {unknown}
 r - a scroll of teleportation {unknown}
 s - a scroll of fog {unknown}
Potions
 d - a potion of lignification {!q}
 p - a potion of curing {unknown}
 q - a potion of magic {unknown}

Dungeon Overview and Level Annotations

Branches:
Dungeon (3/15)

Altars:

Annotations:
D:3 2 transporters, Lambsauce's ghost, amateur MiFi

#.##..#..######
#.##..#..#.....
########.##..#..#..##.
#.<.............#W#..#
#.#####.###..#..#.#..# #.#
#.# #....©#..##. #####.##
#.# ##....#(...
#......####.####.#.©#$O##.
#)###..g.♣o...##.#..#.#..
#.# #..####....<....#.#..
#)# ##.# #...##....#..##
###.# #.# #.........#©...
#...# #.# ##..##....####
#.### #.# #..###.#### #.#
#.# #..# #.# ##.## #g#
#..# #.# ###...#####.##
#..# #.#


You could see a gnoll and an orc.


Message History

You're too confused to move!
Something hits you.
* * * LOW HITPOINT WARNING * * *
😹 HP[-2]
You take 2 damage, and now have 19/42 hp.
You bump into the rock wall.
Something hits you but does no damage.
You bump into the rock wall.
Something hits you but does no damage.
You bump into the rock wall.
Something hits you but does no damage. 😹 HP[+1]
You closely miss something.
You feel less confused.
You hear some strange, mumbled words.
A magic dart appears from out of thin air!
The magic dart hits you.
* * * LOW HITPOINT WARNING * * *
😹 HP[-1]
You take 1 damage, and now have 19/42 hp.
You miss something. Something hits you.
* * * LOW HITPOINT WARNING * * *
A gnoll comes into view. It is wielding a +0 spear.
Something hits you but does no damage.
The gnoll shouts! 😹 HP[-4]
You take 4 damage, and now have 15/42 hp.
You closely miss something. You hit the gnoll.
Something hits you but does no damage. The gnoll barely misses you.
You hit something. You hit the gnoll.
An orc wizard appears from thin air!
Reactivating autopickup.
The orc wizard hits you but does no damage.
The gnoll hits you with a +0 spear.
* * * LOW HITPOINT WARNING * * *
The orc wizard suddenly grunts.
The orc wizard gestures at you while chanting.
You resist with some effort. The gnoll hits you with a +0 spear.
* * * LOW HITPOINT WARNING * * *
đŸ˜± HP[-6]
You take 6 damage, and now have 9/42 hp.
You slash the orc wizard!
You kill the orc wizard!
You slash the gnoll!
You kill the gnoll!
A gnoll comes into view. It is wielding a +0 halberd.
You have reached level 6! đŸ˜± HP[+2] MP[+1]
You now have 48 max hp (+6).
You regained 2 hp, and now have 11/48 hp.
Your mp is fully restored (9).
The gnoll shouts!
You hit the orc.
You hear a shout! x2
The orc closely misses you.
The gnoll throws a stone.
You block the stone. You block the orc's attack.
The gnoll hits you from afar with a +0 halberd.
* * * LOW HITPOINT WARNING * * *
A demonic guardian appears! đŸ˜± HP[-3]
You take 3 damage, and now have 8/48 hp.
You slash the orc!
You kill the orc!
Your quasit closely misses the gnoll. x2; Your quasit claws the gnoll.
The gnoll throws a stone.
The stone hits your quasit.
Your quasit bites the gnoll.
Your quasit claws the gnoll but does no damage.
Your quasit claws the gnoll.
The gnoll hits your quasit with a +0 halberd!
Your quasit dies!
Your quasit disappears in a puff of smoke!
You hear a shout!
Items here: ))) [. đŸ˜± HP[+1]
The gnoll throws a stone.
You block the stone.
The gnoll throws a stone.
The stone barely misses you. đŸ˜± HP[+1] đŸ˜± HP[+1]
The gnoll throws a stone.
The stone hits you but does no damage.
A gnoll comes into view. It is wielding a +0 halberd.
An orc comes into view. It is wielding a +0 club.
The gnoll hits you from afar with a +0 halberd!
* * * LOW HITPOINT WARNING * * *
A demonic guardian appears!
The orc moves out of view. đŸ˜± HP[-10]
You take 10 damage, and now have 1/48 hp.
MASSIVE DAMAGE!! (PAUSE)
Your iron imp closely misses the gnoll.
The gnoll hits your iron imp with a +0 halberd!
Your iron imp dies!
Your iron imp disappears in a puff of smoke!
The orc hits you but does no damage.
You barely miss the orc. You block the orc's attack. The orc barely misses you.
It was a potion of lignification.
You turn into a tree.
Your +0 pair of gloves melds into your body.
Your +0 scale mail melds into your body.
Your roots penetrate the ground.
The gnoll hits you but does no damage.
The orc hits you but does no damage. đŸ˜± HP[+2]
You now have 72 max hp (+24).
You regained 2 hp, and now have 3/72 hp.
You barely miss the orc.
The gnoll hits you from afar with a +0 halberd!
You die...

Skill      XL: |  1  2  3  4  5 |
---------------+----------------+-----
Axes           | 2 |  2.0
Armour         | 3 |  3.6
Spellcasting   | 1 2 |  2.1
Transmutations | 1 2 |  2.1
Air Magic      | 1 2 |  2.1
Fighting       | 4 |  4.0
Shields        | |  2.9

Action                   |  1- 3 |  4- 6 || total
-------------------------+-------+-------++-------
Melee: War axe           |    89 |    54 ||   143
  Use: Potion            |     1 |     1 ||     2
Armor: Scale mail        |    57 |    36 ||    93
       Skin              |       |     2 ||     2
Dodge: Dodged            |    65 |    31 ||    96
Block: Buckler           |    21 |    11 ||    32

Levels and vault maps discovered:
D:1:      dpeg_arrival_three_smaller_balls, layout_basic,
          ebering_ecumenical_altar_sacrificial, corexii_item_surrounded_by_moat
D:2:      layout_basic
D:3:      layout_loops_ring, gammafunk_ghost_smash, uniq_grinder

Notes
Turn   | Place    | Note
-------+----------+-------------------------------------------
     0 | D:1      | GrayStillPlays the Demonspawn Fighter began the quest for
                  | the Orb.
     0 | D:1      | Reached XP level 1. HP: 18/18 MP: 1/1
     0 | D:1      | magus.rc [v1.9.6]
   193 | D:1      | Found a faded altar of an unknown god.
   265 | D:1      | Reached skill level 2 in Axes
   266 | D:1      | You add the spells Blink, Manifold Assault and Storm Form
                  | to your library.
   299 | D:1      | Gained mutation: You are surrounded by a mild repulsion
                  | field. (EV +2) [demonic ancestry]
   299 | D:1      | Reached XP level 2. HP: 24/24 MP: 2/2
  1248 | D:2      | Reached skill level 3 in Armour
  1427 | D:2      | Gained mutation: A weak demonic guardian rushes to your
                  | aid. [demonic ancestry]
  1427 | D:2      | Reached XP level 3. HP: 29/29 MP: 3/3
  1785 | D:3      | Noticed Grinder
  1816 | D:3      | Paralysed by Grinder for 2 turns
  1818 | D:3      | Killed Grinder
  1819 | D:3      | Reached skill level 1 in Spellcasting
  1819 | D:3      | Reached skill level 1 in Transmutations
  1819 | D:3      | Reached skill level 1 in Air Magic
  1819 | D:3      | Gained mutation: You have a pair of small antennae on your
                  | head. [demonic ancestry]
  1819 | D:3      | Reached XP level 4. HP: 21/37 MP: 3/6
  1819 | D:3      | Reached XP level 5. HP: 24/42 MP: 3/7
  2132 | D:3      | You pick up a book of Maledictions and begin reading...
  2132 | D:3      | You add the spells Tukima's Dance, Anguish and Enfeeble to
                  | your library.
  2307 | D:3      | Reached skill level 4 in Fighting
  2313 | D:3      | Reached skill level 2 in Spellcasting
  2348 | D:3      | Found a transporter.
  2349 | D:3      | Found a transporter.
  2349 | D:3      | Noticed Lambsauce's ghost (amateur MiFi)
  2351 | D:3      | Identified the +3 great mace of Porysum {drain, rPois MP+9
                  | Dex+7 Stlth-}
  2351 | D:3      | Noticed an ogre
  2360 | D:3      | Reached skill level 2 in Transmutations
  2488 | D:3      | Reached skill level 2 in Air Magic
  2508 | D:3      | HP: 9/42 [gnoll (2)]
  2510 | D:3      | Reached XP level 6. HP: 11/48 MP: 9/9
  2531 | D:3      | HP: 1/48 [gnoll (11)]
  2537 | D:3      | Mangled by a gnoll

Vanquished Creatures
  Grinder (D:3)
  An orc wizard (D:3)
  A gnoll (D:3)
  2 adders (D:3)
  A worm (D:2)
  7 orcs (D:3)
  6 bats
  6 endoplasms
  2 giant cockroaches
  6 goblins
  5 hobgoblins
  2 jackals (D:3)
  2 quokkas
  A ball python (D:1)
  2 frilled lizards
  2 kobolds
  2 rats
49 creatures vanquished.

Table legend:
 A = Non-vault XP
 B = Vault XP
 C = Vault XP percentage of total XP
 D = Non-vault monster count
 E = Vault monster count
 F = Vault count percentage of total count
                 A         B        C        D         E       F
            +---------+---------+-------+---------+---------+-------
      Total |     163 |     262 |  61.6 |      48 |       1 |   2.0
            +---------+---------+-------+---------+---------+-------
        D:1 |      31 |       0 |   0.0 |      19 |       0 |   0.0
        D:2 |      19 |       0 |   0.0 |       9 |       0 |   0.0
        D:3 |     113 |     262 |  69.9 |      20 |       1 |   4.8
            +---------+---------+-------+---------+---------+-------

Illustrated notes

Table legend:
 A = Kills in this place as a percentage of kills in entire the game.
 B = Kills by you in this place as a percentage of kills by you in the entire game.
 C = Kills by friends in this place as a percentage of kills by friends in the entire game.
 D = Other kills in this place as a percentage of other kills in the entire game.
 E = Experience gained in this place as a percentage of experience gained in the entire game.
 F = Experience gained in this place divided by the number of levels of this place that you have seen.
                   A       B       C       D       E      F
               +-------+-------+-------+-------+-------+----------------------
         Total | 100.0 | 100.0 |   N/A |   N/A | 100.0 | 141.7
       Dungeon | 100.0 | 100.0 |   N/A |   N/A | 100.0 | 141.7
               +-------+-------+-------+-------+-------+----------------------

Table legend: (Time is in decaauts)
 A = Elapsed time spent in this place.
 B = Non-inter-level travel time spent in this place.
 C = Inter-level travel time spent in this place.
 D = Time resting spent in this place.
 E = Time spent auto-exploring this place.
 F = Levels seen in this place.
 G = Mean time per level.
                   A        B        C        D        E       F      G
               +--------+--------+--------+--------+--------+-----+--------+
         Total |   2599 |   2559 |     40 |      0 |   2146 |   3 |  866.3 |
       Dungeon |   2599 |   2559 |     40 |      0 |   2146 |   3 |  866.3 |
               +--------+--------+--------+--------+--------+-----+--------+

Top non-repeatable levels by time:
     D:1: 948 daAuts
     D:3: 861 daAuts
     D:2: 789 daAuts
